General information
			
			
        
        - name: BNet
 
        - type: Ladder 1vs1/FFA
 
        - host: Battle.net
 
        - saver: HERNaNDO
 
        
map: TurtleRock 
        - players: 2
 
        - length: 26:35
 
        - speed: Fast
 - version: 1.22 W3XP
 - replay type:  Public
 
» download(77 KB)
Players
        team 1 (loser) 
              
              
Indifference (
red | 55 APM | 1451 actions | 26:33)
              
 4 Mountain King 
 2 Storm Bolt
 2 Bash
 2 Blood Mage 
 1 Flame Strike
 1 Siphon Mana
 
                » actions 
                
                | Assign group hotkey | 11 |  | 
| Basic commands | 35 |  | 
| Build / train | 73 |  | 
| ESC pressed | 2 |  | 
| Enter build submenu | 27 |  | 
| Enter hero's abilities submenu | 6 |  | 
| Right click | 605 |  | 
| Select / deselect | 538 |  | 
| Select group hotkey | 58 |  | 
| Use ability | 96 |  | 
                1451 total
 » units 
                
                | Peasant | 11 |  | 
| Footman | 7 |  | 
| Sorceress | 3 |  | 
| Mortar Team | 6 |  | 
| Priest | 4 |  | 
| Rifleman | 5 |  | 
| Spell Breaker | 4 |  | 
| Siege Engine | 7 |  | 
| Knight | 1 |  | 
                48 total
 » upgrades
                
                | Plating | 1 |  | 
| Swords | 1 |  | 
| Long Rifles | 1 |  | 
| Priest Training | 2 |  | 
| Barrage | 1 |  | 
| Magic Sentry | 1 |  | 
| Animal War Training | 1 |  | 
| Lumber Harvesting | 1 |  | 
                9 total
 » buildings
                
                | Altar of Kings | 1 |  | 
| Farm | 8 |  | 
| Barracks | 1 |  | 
| Scout Tower | 5 |  | 
| Arcane Tower | 1 |  | 
| Keep | 1 |  | 
| Lumber Mill | 1 |  | 
| Blacksmith | 1 |  | 
| Arcane Vault | 1 |  | 
| Workshop | 3 |  | 
| Arcane Sanctum | 1 |  | 
| Castle | 1 |  | 
| Guard Tower | 2 |  | 
                27 total
 » build order
                00:07 Altar of Kings
00:19 Farm
00:35 Barracks
01:00 Farm
02:04 Scout Tower
02:38 Arcane Tower
02:42 Farm
02:58 Keep
03:25 Lumber Mill
03:36 Blacksmith
04:28 Arcane Vault
05:35 Workshop
05:39 Arcane Sanctum
06:03 Farm
06:45 Farm
07:09 Farm
09:47 Castle
12:58 Farm
15:51 Scout Tower
16:27 Scout Tower
16:30 Scout Tower
16:56 Guard Tower
17:05 Guard Tower
17:26 Scout Tower
18:26 Workshop
18:28 Workshop
20:09 Farm
» items
                
                | Scroll of Regeneration | 1 |  | 
| Potion of Healing | 2 |  | 
                3 total
  
               team 2 (winner) 
              
              
HERNaNDO (
pink | 61 APM | 1634 actions | 26:35)
              
 3 Archmage 
 2 Blizzard
 1 Brilliance Aura
 4 Blood Mage 
 2 Flame Strike
 2 Siphon Mana
 
                » actions 
                
                | Assign group hotkey | 13 |  | 
| Basic commands | 24 |  | 
| Build / train | 73 |  | 
| ESC pressed | 1 |  | 
| Enter build submenu | 46 |  | 
| Enter hero's abilities submenu | 7 |  | 
| Give item / drop item | 2 |  | 
| Right click | 735 |  | 
| Select / deselect | 545 |  | 
| Select group hotkey | 47 |  | 
| Use ability | 141 |  | 
                1634 total
 » units 
                
                | Peasant | 11 |  | 
| Sorceress | 3 |  | 
| Priest | 2 |  | 
| Gryphon Rider | 3 |  | 
                19 total
 » upgrades
                
                | Masonry | 3 |  | 
| Magic Sentry | 1 |  | 
| Sorceress Training | 2 |  | 
| Priest Training | 2 |  | 
| Lumber Harvesting | 2 |  | 
                10 total
 » buildings
                
                | Altar of Kings | 1 |  | 
| Farm | 7 |  | 
| Lumber Mill | 1 |  | 
| Scout Tower | 32 |  | 
| Arcane Tower | 2 |  | 
| Guard Tower | 16 |  | 
| Keep | 1 |  | 
| Arcane Vault | 2 |  | 
| Arcane Sanctum | 1 |  | 
| Castle | 1 |  | 
| Gryphon Aviary | 1 |  | 
                65 total
 » build order
                00:15 Altar of Kings
00:20 Farm
00:35 Lumber Mill
00:54 Scout Tower
01:22 Arcane Tower
01:31 Scout Tower
01:59 Guard Tower
02:13 Scout Tower
02:30 Scout Tower
02:36 Scout Tower
02:40 Farm
02:42 Guard Tower
03:02 Guard Tower
03:23 Guard Tower
03:25 Scout Tower
04:23 Keep
04:23 Guard Tower
04:26 Scout Tower
04:34 Scout Tower
04:46 Arcane Vault
04:55 Guard Tower
04:58 Scout Tower
05:02 Scout Tower
05:19 Guard Tower
05:22 Farm
05:23 Farm
05:48 Guard Tower
05:59 Arcane Vault
06:05 Scout Tower
06:38 Guard Tower
06:44 Arcane Sanctum
07:03 Scout Tower
07:04 Scout Tower
08:25 Guard Tower
11:06 Castle
11:09 Scout Tower
11:15 Scout Tower
12:39 Guard Tower
13:06 Scout Tower
13:37 Guard Tower
13:51 Gryphon Aviary
15:39 Farm
15:39 Farm
20:02 Scout Tower
20:03 Scout Tower
20:19 Scout Tower
20:45 Farm
20:52 Arcane Tower
21:04 Scout Tower
21:58 Guard Tower
22:17 Scout Tower
22:18 Scout Tower
22:45 Guard Tower
23:28 Guard Tower
25:10 Scout Tower
25:12 Scout Tower
25:15 Scout Tower
25:21 Scout Tower
25:24 Scout Tower
25:24 Scout Tower
25:30 Scout Tower
25:31 Scout Tower
25:33 Scout Tower
25:34 Scout Tower
25:50 Guard Tower
» items
                
                | Staff of Teleportation | 1 |  | 
| Boots of Speed | 1 |  | 
| Potion of Healing | 5 |  | 
| Mechanical Critter | 2 |  | 
| Potion of Mana | 1 |  | 
| Scroll of Town Portal | 1 |  | 
| Staff of Sanctuary | 2 |  | 
| Ivory Tower | 1 |  | 
                14 total
  
                Chat log
          
(24:37 / All) Indifference: GG
(24:41 / All) HERNaNDO: gg